 Dungeon Crawl Stone Soup version 0.27-a0-1378-gdefffd1ff6 (webtiles) character file.

Game seed: 144715579833225144

155 lmSkywalker the Insei (level 5, -3/33 HPs)
             Began as an Octopode Transmuter on June 29, 2021.
             Was an Initiate of Ru.
             Slain by an orc priest (8 damage)
             ... on level 3 of the Dungeon on June 30, 2021.
             The game lasted 00:15:21 (3764 turns).

lmSkywalker the Insei (Octopode Transmuter)         Turns: 3764, Time: 00:15:21

Health: -3/33      AC:  1    Str:  9    XL:     5   Next: 37%
Magic:  7/8        EV: 13    Int: 17    God:    Ru [......]
Gold:   180        SH:  0    Dex: 12    Spells: 2/8 levels left

rFire    . . .     SeeInvis .     - Unarmed
rCold    . . .     Faith    .   (no shield)
rNeg     . . .     Spirit   .   (helmet currently unavailable)
rPois    .         Reflect  .   (no amulet)
rElec    .         Harm     .   (no ring)
rCorr    .         Rampage  .   (no ring)
Will     .....                  (no ring)
Stlth    ++........             (no ring)
HPRegen  0.11/turn              (no ring)
MPRegen  0.11/turn              (no ring)
                                (no ring)
                                (no ring)

@: confused, appendages
A: tentacle spike 3, almost no armour, amphibious, 8 rings, camouflage 1,
gelatinous body 1, (nimble swimmer 1), tentacles
a: End Transformation, Renounce Religion


You were on level 3 of the Dungeon.
You worshipped Ru.
Ru was noncommittal.
One of your tentacles had grown a beastly spike.
You visited 1 branch of the dungeon, and saw 3 of its levels.

You collected 180 gold pieces.

Inventory:

Scrolls
 c - a scroll of brand weapon {unknown}
 d - a scroll of fog {unknown}
 e - a scroll of identify {unknown}
 f - a scroll of amnesia {unknown}
Potions
 a - 3 potions of curing {unknown}
 b - 2 potions of lignification {unknown}


   Skills:
 + Level 1.5 Fighting
 + Level 2.7 Dodging
 + Level 2.3 Stealth
 + Level 3.5 Unarmed Combat
 - Level 2.3 Spellcasting
 + Level 2.7 Transmutations
 + Level 2.7 Poison Magic


You had 2 spell levels left.
You knew the following spells:

 Your Spells              Type           Power      Damage    Failure   Level
a - Beastly Appendage     Tmut           22%        N/A       6%          1
b - Wereblood             Tmut           11%        N/A       10%         2
c - Spider Form           Tmut/Pois      5%         N/A       19%         3

Your spell library contained the following spells:

 Spells                   Type           Power      Damage    Failure   Level
 Ice Form                 Ice/Tmut       6%         N/A       71%         4


Dungeon Overview and Level Annotations

Branches:
Dungeon (3/15)

Altars:
Cheibriados
Dithmenos
Ru


Innate Abilities, Weirdness & Mutations

One of your tentacles has grown a beastly spike.
You cannot wear most types of armour.
You are amphibious.
You can wear up to eight rings at the same time.
Your skin changes colour to match your surroundings (Stealth+).
Your rubbery body absorbs attacks. (AC +1, EV +1)
((You are camouflaged near water. (Stealth+)))
You have tentacles for arms and can constrict up to eight enemies at once.


Message History

The orc wizard gestures at you while chanting.
You resist with some effort.
The orc wizard gestures at you while chanting.
The magic dart hits you!
The orc wizard mumbles some strange words.
The orc wizard flickers and vanishes!
Deactivating autopickup; reactivate with Ctrl-A.
There is an open door here.
You close the door.
Your tentacle spike disappears.
An orc wizard opens the door.
The orc wizard gestures at you while chanting.
You are confused.
You're too confused to move!
You feel less confused.
The orc wizard gestures at you while chanting.
You resist with some effort.
The orc priest mumbles some strange prayers to Beogh against you.
You tentacle-slap something but do no damage.
Something hits you.
Okay, then.
You miss something. You squeeze something.
The orc priest casts a cantrip, but nothing happens.
You hear some strange, mumbled words.
A puff of flame appears from out of thin air!
The puff of flame hits you.
Casting: Beastly Appendage (safe; 6% risk of failure)
Confirm with . or Enter, or press ? or * to list all spells.
One of your tentacles grows a vicious spike.
The orc priest closely misses you. Something hits you.
The orc wizard hits you with a +0 dagger.
* * * LOW HITPOINT WARNING * * *
The orc priest barely misses you.
You hear some strange, mumbled words.
You are confused.
The orc wizard hits you with a +0 dagger.
* * * LOW HITPOINT WARNING * * *
You're too confused to move!
The orc priest hits you with a +0 hand axe!
You die...

# # ############# #
#(..........#
#######.##....###.###
.........+...........
#######+##....###+###+##
#####.........#........#
.†.)..........#o.......#
#[.............{@......#
#.###..........##o###+##
#.# #####.....##'###.#
#.# #..........#.#######
#'# #..........o......o#
... #..........#.#####)#
... #..........#.# #.#
#.....(....#.# #.#
#..........#.# #o#


You could see an orc priest and an orc wizard.

Vanquished Creatures
  An orc priest (D:1)
  2 orc wizards (D:2)
  An adder (D:2)
  A worm (D:2)
  3 dart slugs
  4 orcs
  4 bats
  3 endoplasms
  A giant cockroach (D:2)
  3 goblins
  5 hobgoblins
  6 jackals (D:1)
  A quokka (D:1)
  6 ball pythons
  4 frilled lizards
  10 kobolds
  3 rats
58 creatures vanquished.

Notes
Turn   | Place    | Note
-------+----------+-------------------------------------------
     0 | D:1      | lmSkywalker the Octopode Transmuter began the quest for the
                  | Orb.
     0 | D:1      | Reached XP level 1. HP: 13/13 MP: 3/3
   603 | D:1      | Reached XP level 2. HP: 13/18 MP: 3/5
   883 | D:1      | Reached skill level 1 in Stealth
   988 | D:1      | Reached XP level 3. HP: 11/23 MP: 4/6
  1004 | D:1      | Learned a level 2 spell: Wereblood
  1008 | D:1      | Learned a level 3 spell: Spider Form
  2341 | D:1      | Reached XP level 4. HP: 9/28 MP: 7/7
  2970 | D:2      | Reached XP level 5. HP: 31/33 MP: 6/8
  3122 | D:2      | Found a snail-covered altar of Cheibriados.
  3483 | D:3      | Found a faded altar of an unknown god.
  3578 | D:3      | Found a sacrificial altar of Ru.
  3581 | D:3      | Found a shadowy altar of Dithmenos.
  3585 | D:3      | Became a worshipper of Ru the Awakened
  3764 | D:3      | Slain by an orc priest

Illustrated notes

Levels and vault maps discovered:
D:1:      lightli_arrival_boilingwater, layout_basic, minmay_misc_feat_five,
          minmay_misc_feat_tiny
D:2:      cheibrodos_pilgrimage, layout_rooms, basic_altar
D:3:      layout_basic, gammafunk_temple_overflow_statue,
          ebering_ecumenical_altar_webs

Skill      XL: |  1  2  3  4 |
---------------+-------------+-----
Stealth        | 1 2 |  2.3
Poison Magic   | 2 |  2.7
Fighting       | |  1.5
Dodging        | |  2.7
Unarmed Combat | |  3.5
Spellcasting   | |  2.3
Transmutations | |  2.7

Action                   |  1- 3 |  4- 6 || total
-------------------------+-------+-------++-------
Melee: Unarmed           |   105 |    53 ||   158
       Kick              |    19 |    13 ||    32
       Constrict         |    26 |    13 ||    39
       Tentacles         |    15 |     7 ||    22
 Cast: Beastly Appendage |    35 |    21 ||    56
       Wereblood         |     1 |       ||     1
 Stab: Distracted        |     1 |       ||     1
       Sleeping          |     1 |     1 ||     2
Armor: Skin              |    11 |     2 ||    13
Dodge: Dodged            |    61 |    21 ||    82

Table legend: (Time is in decaauts)
 A = Elapsed time spent in this place.
 B = Non-inter-level travel time spent in this place.
 C = Inter-level travel time spent in this place.
 D = Time resting spent in this place.
 E = Time spent auto-exploring this place.
 F = Levels seen in this place.
 G = Mean time per level.
                   A        B        C        D        E       F      G
               +--------+--------+--------+--------+--------+-----+--------+
         Total |   3758 |   3626 |    132 |    831 |   1556 |   3 | 1252.7 |
       Dungeon |   3758 |   3626 |    132 |    831 |   1556 |   3 | 1252.7 |
               +--------+--------+--------+--------+--------+-----+--------+

Top non-repeatable levels by time:
     D:1: 2242 daAuts
     D:2: 1218 daAuts
     D:3: 297 daAuts
